[Event "ICC tourney 2296 (30 10)"]
[Site "Internet Chess Club"]
[Date "2021.01.10"]
[Round "4"]
[White "joshebow"]
[Black "alexbelaya"]
[Result "0-1"]
[ICCResult "White checkmated"]
[WhiteElo "673"]
[BlackElo "1129"]
[Opening "English: Carls' Bremen system"]
[ECO "A22"]
[NIC "EO.10"]
[Time "17:01:32"]
[PlyCount "80"]
[TimeControl "1800+10"]

1. c4 e5 2. Nc3 Nf6 3. g3 Nc6 4. Bg2 Bc5 5. d3 d6 6. Bg5 h6 7. Bxf6 Qxf6 8.
Nd5 Qxf2+ 9. Kd2 Qxg2 10. Nf3 Qf2 11. Nxc7+ Kd8 12. Nxa8 Qe3+ 13. Kc2 Bd7
14. b4 Nxb4+ 15. Kc3 Na6 16. Rb1 Bd4+ 17. Nxd4 exd4+ 18. Kc2 Ba4+ 19. Rb3
Bxb3+ 20. Kxb3 Kd7 21. Rf1 Nc5+ 22. Kb4 Qe6 23. Qa4+ Nxa4 24. Kxa4 Rxa8 25.
Rb1 Rb8 26. Kb5 a6+ 27. Kb6 d5+ 28. Kc5 Qc6+ 29. Kxd4 dxc4 30. dxc4 Rd8 31.
Kc3 Ke6 32. Kb4 Qb6+ 33. Ka3 Qxb1 34. c5 Qc1+ 35. Ka4 Qxc5 36. a3 Rd4+ 37.
Kb3 Qc4+ 38. Kb2 Rd2+ 39. Kb1 Qc2+ 40. Ka1 Qa2# { White checkmated } 0-1

[Event "ICC tourney 2296 (30 10)"]
[Site "Internet Chess Club"]
[Date "2021.01.10"]
[Round "4"]
[White "NoahJacob"]
[Black "tavit2"]
[Result "0-1"]
[ICCResult "White checkmated"]
[WhiteElo "666"]
[BlackElo "1016"]
[Opening "two knights defense: Kieseritsky variation"]
[ECO "C58"]
[NIC "KP.01"]
[Time "17:01:26"]
[PlyCount "46"]
[TimeControl "1800+10"]

1. e4 e5 2. Nf3 Nc6 3. Bc4 Nf6 4. Ng5 d5 5. exd5 Na5 6. d3 Be7 7. Nc3 Nxc4
8. dxc4 Bg4 9. Qd3 Qd7 10. O-O h6 11. Nf3 O-O-O 12. Be3 Bxf3 13. gxf3 Kb8
14. Nb5 a6 15. Nc3 Rhg8 16. Rab1 g5 17. b4 g4 18. Bxh6 gxf3+ 19. Kh1 Qg4
20. Rg1 Qh5 21. Qe3 Ng4 22. Rxg4 Qxg4 23. Ne4 Qg2# { White checkmated } 0-1

[Event "ICC tourney 2296 (30 10)"]
[Site "Internet Chess Club"]
[Date "2021.01.10"]
[Round "4"]
[White "thomasguchess"]
[Black "BrianTN"]
[Result "0-1"]
[ICCResult "White checkmated"]
[WhiteElo "631"]
[BlackElo "1074"]
[Opening "Sicilian defense"]
[ECO "B32"]
[NIC "SI.32"]
[Time "17:01:39"]
[PlyCount "68"]
[TimeControl "1800+10"]

1. e4 c5 2. Nf3 Nc6 3. d4 cxd4 4. Nxd4 Nxd4 5. Qxd4 d6 6. Nc3 e5 7. Qd5 Nf6
8. Bg5 Nxd5 9. Bxd8 Nxc3 10. bxc3 Kxd8 11. Bc4 f6 12. O-O a6 13. Rfd1 b5
14. Bb3 Bb7 15. c4 Bxe4 16. c5 Kc7 17. f3 Bf5 18. cxd6+ Bxd6 19. c4 bxc4
20. Bxc4 a5 21. Rac1 Kd7 22. Bb5+ Ke7 23. Rc6 Rad8 24. Ra6 Bc5+ 25. Kf1
Rxd1+ 26. Ke2 Rd6 27. Rxa5 Rhd8 28. g4 Rd2+ 29. Kf1 Bd3+ 30. Ke1 Rxh2 31.
Bxd3 Bb4+ 32. Kf1 Bxa5 33. Bc2 Rxc2 34. a4 Rd1# { White checkmated } 0-1

[Event "ICC tourney 2296 (30 10)"]
[Site "Internet Chess Club"]
[Date "2021.01.10"]
[Round "4"]
[White "LoveChess09"]
[Black "collywog"]
[Result "0-1"]
[ICCResult "White checkmated"]
[WhiteElo "837"]
[BlackElo "1107"]
[Opening "French defense"]
[ECO "C00"]
[NIC "FR.01"]
[Time "17:02:24"]
[PlyCount "48"]
[TimeControl "1800+10"]

1. e4 e6 2. Nc3 Bb4 3. a3 Bxc3 4. dxc3 Nf6 5. Bg5 h6 6. Bh4 g5 7. e5 gxh4
8. exf6 Qxf6 9. Nf3 b6 10. Bd3 Rg8 11. Be4 d5 12. Bxd5 exd5 13. Qxd5 Qe6+
14. Qxe6+ fxe6 15. Nxh4 Rg4 16. Nf3 Rxg2 17. h3 Bb7 18. Nh4 Rg5 19. Rf1
Re5+ 20. Kd1 Ba6 21. Rg1 Nd7 22. Rg8+ Nf8 23. Ng6 Rd8+ 24. Kc1 Re1# { White
checkmated } 0-1

[Event "ICC tourney 2296 (30 10)"]
[Site "Internet Chess Club"]
[Date "2021.01.10"]
[Round "4"]
[White "oxdidi"]
[Black "SPBrain"]
[Result "1-0"]
[ICCResult "Black checkmated"]
[WhiteElo "959"]
[BlackElo "1342"]
[Opening "Sicilian defense"]
[ECO "B30"]
[NIC "SI.31"]
[Time "17:02:24"]
[PlyCount "63"]
[TimeControl "1800+10"]

1. e4 c5 2. Nf3 Nc6 3. Bc4 e6 4. O-O Be7 5. Nc3 e5 6. d3 Nf6 7. Bg5 h6 8.
Bh4 d6 9. h3 Bd7 10. Qd2 Nxe4 11. Nxe4 Bxh4 12. Nxd6+ Kf8 13. Nxf7 Qf6 14.
Nxh8 Ke7 15. Nxh4 Qxh4 16. Ng6+ Kd6 17. Nxh4 Nd4 18. c3 Nc6 19. Nf3 Rf8 20.
d4 cxd4 21. cxd4 exd4 22. Nxd4 Kc7 23. Nxc6 Bxc6 24. Rfe1 Rf5 25. Re7+ Kb6
26. Qb4+ Bb5 27. Re6+ Kc7 28. Qd6+ Kc8 29. Re8+ Bxe8 30. Be6+ Bd7 31. Qxd7+
Kb8 32. Qd8# { Black checkmated } 1-0

[Event "ICC tourney 2296 (30 10)"]
[Site "Internet Chess Club"]
[Date "2021.01.10"]
[Round "4"]
[White "eevee11"]
[Black "maadhavd"]
[Result "1-0"]
[ICCResult "Black checkmated"]
[WhiteElo "855"]
[BlackElo "469"]
[Opening "Ruy Lopez: Berlin defense"]
[ECO "C65"]
[NIC "RL.07"]
[Time "17:01:31"]
[PlyCount "71"]
[TimeControl "1800+10"]

1. e4 e5 2. Nf3 Nc6 3. Bb5 Nf6 4. d3 Bc5 5. c3 O-O 6. O-O a6 7. Ba4 b5 8.
Bc2 Bb7 9. Nbd2 Re8 10. h3 d6 11. Re1 Ne7 12. Nf1 Nc8 13. Ng3 Ba7 14. d4 c5
15. dxe5 dxe5 16. Qxd8 Rxd8 17. Nxe5 Re8 18. Bf4 Nd6 19. f3 c4+ 20. Kh1
Rad8 21. Ng4 Nc8 22. Nxf6+ gxf6 23. Nh5 Kh8 24. Nxf6 Re6 25. e5 h6 26. Bxh6
Bb8 27. Bf4 Nb6 28. Rad1 Rc8 29. Bf5 Rxf6 30. exf6 Rg8 31. Bxb8 Na4 32. Bf4
Nxb2 33. Rd7 Bc8 34. Rd5 Bxf5 35. Rxf5 Na4 36. Rh5# { Black checkmated }
1-0

[Event "ICC tourney 2296 (30 10)"]
[Site "Internet Chess Club"]
[Date "2021.01.10"]
[Round "4"]
[White "Yeetamus123"]
[Black "OliverHsiao"]
[Result "1-0"]
[ICCResult "Black resigns"]
[WhiteElo "1324"]
[BlackElo "1241"]
[Opening "Scotch: Potter variation"]
[ECO "C45"]
[NIC "SO.05"]
[Time "17:01:29"]
[PlyCount "43"]
[TimeControl "1800+10"]

1. e4 e5 2. Nf3 Nc6 3. d4 exd4 4. Nxd4 Bc5 5. Nb3 Bb6 6. Nc3 Nge7 7. Qe2 d6
8. Be3 O-O 9. O-O-O Bxe3+ 10. Qxe3 a6 11. f3 b5 12. g4 Ne5 13. h4 c5 14. h5
c4 15. Nd2 b4 16. Nd5 Nxd5 17. exd5 Qa5 18. h6 c3 19. hxg7 Re8 20. Qh6
cxd2+ 21. Rxd2 Nd3+ 22. Bxd3 { Black resigns } 1-0

[Event "ICC tourney 2296 (30 10)"]
[Site "Internet Chess Club"]
[Date "2021.01.10"]
[Round "4"]
[White "martinjames28"]
[Black "EricCheng-131"]
[Result "0-1"]
[ICCResult "White checkmated"]
[WhiteElo "1175"]
[BlackElo "1373"]
[Opening "QGD Slav: Dutch variation"]
[ECO "D18"]
[NIC "SL.04"]
[Time "17:01:38"]
[PlyCount "46"]
[TimeControl "1800+10"]

1. d4 d5 2. c4 c6 3. Nc3 Nf6 4. Nf3 dxc4 5. a4 Bf5 6. e3 e6 7. Bxc4 Be7 8.
O-O O-O 9. h3 Nd5 10. Qe2 Nxc3 11. bxc3 Nd7 12. e4 Bg6 13. Bf4 Qa5 14. Rfc1
Qh5 15. d5 cxd5 16. exd5 Nc5 17. dxe6 fxe6 18. Bxe6+ Kh8 19. Bc4 Rxf4 20.
Qxe7 Rxc4 21. Nd2 Rf4 22. g4 Qxh3 23. Qxc5 Rxg4# { White checkmated } 0-1

[Event "ICC tourney 2296 (30 10)"]
[Site "Internet Chess Club"]
[Date "2021.01.10"]
[Round "4"]
[White "Wfriedman24"]
[Black "andrewj508"]
[Result "1-0"]
[ICCResult "Black resigns"]
[WhiteElo "1286"]
[BlackElo "1256"]
[Opening "French: advance, Milner-Barry gambit"]
[ECO "C02"]
[NIC "FR.03"]
[Time "17:01:30"]
[PlyCount "93"]
[TimeControl "1800+10"]

1. e4 e6 2. d4 d5 3. e5 c5 4. c3 Nc6 5. Nf3 Qb6 6. Bd3 Bd7 7. dxc5 Bxc5 8.
O-O Nge7 9. b4 Bxb4 10. cxb4 Nxb4 11. Bc2 Rc8 12. Bb3 Bb5 13. Re1 Nd3 14.
Be3 Qa6 15. Re2 Nc1 16. Rc2 Rxc2 17. Qxc2 Nd3 18. Nc3 Nb4 19. Qd2 Nec6 20.
Nxb5 Qxb5 21. a4 Qa5 22. Nd4 Nxe5 23. Rc1 Kd7 24. Nc2 Nbc6 25. Qxa5 Nxa5
26. Ba2 Nec6 27. Nd4 Nb4 28. Bb1 h6 29. Bd2 Nbc6 30. Nxc6 Nxc6 31. Bd3 Rc8
32. a5 Kd6 33. a6 b6 34. Bb4+ Kd7 35. Bb5 g6 36. Kf1 h5 37. Ke2 Rc7 38. Kf3
e5 39. h3 f5 40. Ke3 g5 41. f3 h4 42. Kf2 Rc8 43. g3 hxg3+ 44. Kxg3 e4 45.
fxe4 fxe4 46. Kf2 Rf8+ 47. Bxf8 { Black resigns } 1-0

[Event "ICC tourney 2296 (30 10)"]
[Site "Internet Chess Club"]
[Date "2021.01.10"]
[Round "4"]
[White "niftyfountain"]
[Black "DanielHan"]
[Result "0-1"]
[ICCResult "White checkmated"]
[WhiteElo "1357"]
[BlackElo "464"]
[Opening "Scotch: Schmidt variation"]
[ECO "C45"]
[NIC "SO.04"]
[Time "17:01:33"]
[PlyCount "76"]
[TimeControl "1800+10"]

1. e4 e5 2. Nf3 Nc6 3. d4 exd4 4. Nxd4 Nf6 5. Nc3 Bb4 6. Nxc6 bxc6 7. Bd3
O-O 8. O-O Re8 9. Bd2 Bxc3 10. Bxc3 Nxe4 11. Bxe4 Rxe4 12. Qd3 Re8 13. Qg3
f6 14. Rfe1 Rxe1+ 15. Rxe1 Ba6 16. Re3 Qf8 17. Qxc7 Qd8 18. Qxd8+ Rxd8 19.
Bb4 Rb8 20. Bc3 d5 21. Bd4 c5 22. Bxc5 Rxb2 23. h3 Rxa2 24. Re8+ Kf7 25.
Rf8+ Kg6 26. Ra8 Rxc2 27. Bxa7 Rc1+ 28. Kh2 Rd1 29. Be3 Bb7 30. Ra7 Bc6 31.
Ra4 Bxa4 32. g3 Bc6 33. Kg2 d4+ 34. f3 dxe3 35. h4 e2 36. Kh3 e1=Q 37. Kg2
Bd7 38. Kh2 Qg1# { White checkmated } 0-1

[Event "ICC tourney 2296 (30 10)"]
[Site "Internet Chess Club"]
[Date "2021.01.10"]
[Round "4"]
[White "tinyattacker"]
[Black "SGOLD9367"]
[Result "1-0"]
[ICCResult "Black resigns"]
[WhiteElo "1216"]
[BlackElo "1210"]
[Opening "Sicilian"]
[ECO "B54"]
[NIC "SI.01"]
[Time "17:01:39"]
[PlyCount "69"]
[TimeControl "1800+10"]

1. e4 c5 2. Nf3 d6 3. d4 cxd4 4. Nxd4 a6 5. Nc3 Qb6 6. Nb3 Bd7 7. Be3 Qc7
8. Nd5 Qc6 9. Bb6 Be6 10. Nc7+ Kd7 11. Nxa8 Kc8 12. Nd4 Qxe4+ 13. Qe2 Qd5
14. Nc7 Qe5 15. Ncxe6 Qxe2+ 16. Bxe2 Nd7 17. Ba5 fxe6 18. Nxe6 Ngf6 19.
O-O-O Ne4 20. Rhf1 Nec5 21. Nxf8 Rxf8 22. Bg4 Kb8 23. Bxd7 Nxd7 24. Rde1
Re8 25. Re3 Nf6 26. Rfe1 Nd5 27. Rd3 Nf6 28. Bb4 Kc7 29. Bc3 e5 30. f4 exf4
31. Rxe8 Nxe8 32. Rf3 g5 33. h4 h6 34. hxg5 hxg5 35. g3 { Black resigns }
1-0

[Event "ICC tourney 2296 (30 10)"]
[Site "Internet Chess Club"]
[Date "2021.01.10"]
[Round "4"]
[White "Jeffchess"]
[Black "haarim"]
[Result "0-1"]
[ICCResult "White checkmated"]
[WhiteElo "1209"]
[BlackElo "1491"]
[Opening "French: exchange variation"]
[ECO "C01"]
[NIC "FR.01"]
[Time "17:01:30"]
[PlyCount "142"]
[TimeControl "1800+10"]

1. e4 e6 2. d4 d5 3. exd5 exd5 4. Qe2+ Be7 5. Bg5 Be6 6. Bxe7 Qxe7 7. Nc3
Nf6 8. O-O-O O-O 9. Nf3 Qd7 10. Ne5 Qe7 11. g4 Nbd7 12. g5 Ne8 13. f4 c6
14. Re1 Nxe5 15. Qxe5 b5 16. f5 Qxg5+ 17. Kb1 Qxf5 18. Qg3 a5 19. Rg1 Qg6
20. Qe3 Qf6 21. Bd3 g6 22. Ref1 Qg7 23. h4 Nf6 24. Be2 h5 25. Qg5 Ng4 26.
Qf4 Rfe8 27. Nd1 Bd7 28. Bf3 Qf6 29. Qc7 Qe7 30. Re1 Qd8 31. Qg3 Rxe1 32.
Rxe1 Qf6 33. c3 b4 34. Ne3 bxc3 35. bxc3 Nxe3 36. Rxe3 Qf5+ 37. Kc1 Re8 38.
Rxe8+ Bxe8 39. Qb8 Kf8 40. Qd6+ Kg7 41. Qe5+ Qxe5 42. dxe5 Bd7 43. Kd2 f6
44. exf6+ Kxf6 45. Ke3 Ke5 46. Kd3 Kf4 47. Bh1 Kg3 48. c4 dxc4+ 49. Kxc4
Be6+ 50. Kc5 Bd5 51. Bxd5 cxd5 52. Kxd5 Kxh4 53. Ke4 Kg3 54. Ke5 h4 55. Kf6
h3 56. Kxg6 h2 57. Kf5 h1=Q 58. Ke5 Qa1+ 59. Kd5 Qxa2+ 60. Kc5 Qb2 61. Kc4
a4 62. Kc5 a3 63. Kc4 Kf4 64. Kc5 a2 65. Kc4 a1=Q 66. Kc5 Qac1+ 67. Kd5
Qbd2+ 68. Ke6 Qc4+ 69. Kf6 Qd6+ 70. Kg7 Qcc7+ 71. Kg8 Qdd8# { White
checkmated } 0-1

[Event "ICC tourney 2296 (30 10)"]
[Site "Internet Chess Club"]
[Date "2021.01.10"]
[Round "4"]
[White "Queen4aKing"]
[Black "strongbear"]
[Result "1-0"]
[ICCResult "Black resigns"]
[WhiteElo "1451"]
[BlackElo "1295"]
[Opening "Sicilian: Anderssen variation"]
[ECO "B41"]
[NIC "SI.41"]
[Time "17:01:35"]
[PlyCount "109"]
[TimeControl "1800+10"]

1. e4 c5 2. d4 cxd4 3. Nf3 e6 4. Nxd4 Nf6 5. Nc3 Nc6 6. Bg5 Bb4 7. Nxc6
bxc6 8. e5 Qa5 9. exf6 Qxg5 10. fxg7 Qxg7 11. Qd3 d5 12. a3 Bxc3+ 13. bxc3
Rb8 14. g3 c5 15. Bg2 Qe5+ 16. Qe3 Qxe3+ 17. fxe3 Rg8 18. e4 dxe4 19. Bxe4
h6 20. O-O Ke7 21. Rae1 Ba6 22. Rf2 Rg5 23. Rd1 Rg7 24. Bc6 Rd8 25. Rfd2
Rc8 26. Rd7+ Kf6 27. Bg2 Rb8 28. Rxa7 Bc4 29. Ra4 Be2 30. Rd2 Rb1+ 31. Kf2
Bh5 32. Rf4+ Ke7 33. h4 Bg6 34. g4 Rb8 35. h5 Bh7 36. Bf3 Rbg8 37. Rc4 Rg5
38. a4 Rc8 39. a5 Rc7 40. a6 Ra7 41. Ra4 Rg8 42. Ra5 Rc8 43. Be2 Be4 44.
Ke3 Bd5 45. Rd1 Rcc7 46. Bb5 f6 47. c4 Bc6 48. Rb1 Kd6 49. Rd1+ Ke7 50. Rb1
Kd6 51. Kf4 Ke7 52. Bxc6 Rxc6 53. Rb7+ Rxb7 54. axb7 Rb6 55. Rb5 { Black
resigns } 1-0

[Event "ICC tourney 2296 (30 10)"]
[Site "Internet Chess Club"]
[Date "2021.01.10"]
[Round "5"]
[White "eevee11"]
[Black "tinyattacker"]
[Result "1-0"]
[ICCResult "Black resigns"]
[WhiteElo "855"]
[BlackElo "1216"]
[Opening "Ruy Lopez: Marshall counter-attack, 11...c6"]
[ECO "C89"]
[NIC "RL.17"]
[Time "18:28:12"]
[PlyCount "58"]
[TimeControl "1800+10"]

1. e4 e5 2. Nf3 Nc6 3. Bb5 a6 4. Ba4 Nf6 5. O-O Be7 6. Re1 b5 7. Bb3 O-O 8.
c3 d5 9. exd5 Nxd5 10. Nxe5 Nxe5 11. Rxe5 c6 12. d3 Bd6 13. Re1 Qh4 14. g3
Qh3 15. Re4 Bf5 16. Rh4 Bg4 17. Qxg4 Qxg4 18. Rxg4 Rae8 19. Bd2 a5 20. Bxd5
cxd5 21. Be3 Be5 22. Nd2 Bf6 23. Nf3 h5 24. Rf4 Rd8 25. Bd4 Bxd4 26. Rxd4
Rfe8 27. Re1 Rxe1+ 28. Nxe1 Re8 29. Kf1 Kf8 { Black resigns } 1-0

[Event "ICC tourney 2296 (30 10)"]
[Site "Internet Chess Club"]
[Date "2021.01.10"]
[Round "5"]
[White "shreyanshdaga"]
[Black "joshebow"]
[Result "0-1"]
[ICCResult "White checkmated"]
[WhiteElo "474"]
[BlackElo "673"]
[Opening "Petrov's defense"]
[ECO "C42"]
[NIC "RG.03"]
[Time "18:48:06"]
[PlyCount "92"]
[TimeControl "1800+10"]

1. e4 e5 2. Nf3 Nf6 3. Nxe5 Qe7 4. Nf3 Nxe4 5. Bc4 Nc3+ 6. Be2 Nxd1 7. Kxd1
d5 8. Nc3 Bg4 9. Re1 Qd7 10. Bb5+ Be7 11. Bxd7+ Nxd7 12. d3 Bxf3+ 13. gxf3
c6 14. Bg5 f6 15. Bd2 Kf7 16. b3 Rhe8 17. Kc1 d4 18. Ne2 Ba3+ 19. Kb1 Re6
20. c4 dxc3 21. Bxc3 Rae8 22. Kc2 Rxe2+ 23. Rxe2 Rxe2+ 24. Kd1 Rxf2 25. Be1
Rxh2 26. Bg3 Rg2 27. Bf4 g5 28. Bc7 Rg1+ 29. Kd2 Rxa1 30. Kc3 Rxa2 31. Kc4
b5+ 32. Kc3 b4+ 33. Kc4 Rc2+ 34. Kd4 c5+ 35. Kd5 h5 36. Kd6 Ne5 37. Kd5 h4
38. d4 Bb2 39. dxe5 Bxe5 40. Bxe5 fxe5 41. Kxe5 h3 42. Kf5 h2 43. Kxg5 h1=Q
44. Kf5 Qxf3+ 45. Kg5 Rg2+ 46. Kh6 Qh3# { White checkmated } 0-1

[Event "ICC tourney 2296 (30 10)"]
[Site "Internet Chess Club"]
[Date "2021.01.10"]
[Round "5"]
[White "haarim"]
[Black "Queen4aKing"]
[Result "1-0"]
[ICCResult "Black resigns"]
[WhiteElo "1491"]
[BlackElo "1451"]
[Opening "Four knights: Scotch, 4...exd4"]
[ECO "C47"]
[NIC "RG.01"]
[Time "18:12:55"]
[PlyCount "75"]
[TimeControl "1800+10"]

1. e4 e5 2. Nf3 Nf6 3. Nc3 Nc6 4. d4 exd4 5. Nxd4 d6 6. Nxc6 bxc6 7. Bd3
Be7 8. O-O O-O 9. h3 Re8 10. Re1 Bf8 11. Bf4 g6 12. Qd2 Bg7 13. Bh6 Be6 14.
Bxg7 Kxg7 15. f4 Qd7 16. f5 Nxe4 17. Nxe4 Bxf5 18. Qc3+ Re5 19. Nc5 Qe7 20.
Bxf5 gxf5 21. Nd3 f6 22. Nxe5 fxe5 23. Qxc6 Rg8 24. Qf3 Kf6 25. Rf1 f4 26.
Rae1 Qe6 27. Qb3 Qc8 28. Qc3 Qf5 29. Rxf4 Qxf4 30. Rf1 Qxf1+ 31. Kxf1 Rg7
32. Qa5 c5 33. Qd8+ Ke6 34. g4 d5 35. Qc8+ Kd6 36. Qa6+ Ke7 37. Qxa7+ Kf6
38. Qxc5 { Black resigns } 1-0

[Event "ICC tourney 2296 (30 10)"]
[Site "Internet Chess Club"]
[Date "2021.01.10"]
[Round "5"]
[White "EricCheng-131"]
[Black "Jeffchess"]
[Result "1/2-1/2"]
[ICCResult "Game drawn by mutual agreement"]
[WhiteElo "1373"]
[BlackElo "1209"]
[Opening "French: classical variation"]
[ECO "C14"]
[NIC "FR.06"]
[Time "18:12:55"]
[PlyCount "132"]
[TimeControl "1800+10"]

1. e4 e6 2. d4 d5 3. Nc3 Nf6 4. Bg5 Be7 5. e5 Nfd7 6. Bxe7 Qxe7 7. Nf3 O-O
8. Be2 f5 9. O-O b6 10. Qd2 c5 11. Nb5 Na6 12. c3 Bb7 13. Nd6 Ndb8 14. a4
c4 15. a5 Nc6 16. axb6 axb6 17. Ra3 Na5 18. Bd1 Bc6 19. Bc2 Nc7 20. Rfa1
Nb5 21. Nxb5 Bxb5 22. Qd1 Ra7 23. b4 cxb3 24. Bxb3 Rfa8 25. h3 Nxb3 26.
Rxa7 Rxa7 27. Rxa7 Qxa7 28. Qxb3 Qa4 29. Qxa4 Bxa4 30. Ng5 Bd7 31. Kh2 h6
32. Nf3 Kf8 33. Kg3 Ke7 34. Kh4 Kd8 35. g4 fxg4 36. hxg4 g6 37. g5 h5 38.
Ng1 Kc7 39. Ne2 Be8 40. Nf4 Bf7 41. Kg3 Kc6 42. Kf3 Kb5 43. Ke3 Kc4 44. Kd2
b5 45. Kc2 b4 46. cxb4 Kxd4 47. b5 Kc5 48. Kd3 Kxb5 49. Kd4 Kb4 50. f3 Kb3
51. Kd3 Kb2 52. Kd2 Be8 53. Nh3 Kb3 54. Kd3 Bb5+ 55. Kd4 Kc2 56. Kc5 Bf1
57. Nf2 h4 58. Kd4 Kd2 59. f4 Ke2 60. Ng4 Kf3 61. Nh2+ Kg2 62. f5 exf5 63.
Nxf1 Kxf1 64. e6 h3 65. e7 h2 66. e8=Q h1=Q { Game drawn by mutual
agreement } 1/2-1/2

[Event "ICC tourney 2296 (30 10)"]
[Site "Internet Chess Club"]
[Date "2021.01.10"]
[Round "5"]
[White "SPBrain"]
[Black "NoahJacob"]
[Result "0-1"]
[ICCResult "White checkmated"]
[WhiteElo "1342"]
[BlackElo "666"]
[Opening "Ruy Lopez: Caro variation"]
[ECO "C70"]
[NIC "RL.09"]
[Time "18:44:11"]
[PlyCount "52"]
[TimeControl "1800+10"]

1. e4 e5 2. Nf3 Nc6 3. Bb5 a6 4. Ba4 b5 5. Bb3 Nf6 6. d4 d6 7. dxe5 Nxe5 8.
Nxe5 dxe5 9. Qd4 exd4 10. Bg5 Be7 11. Bxf6 Bxf6 12. Nd2 Be6 13. Bxe6 fxe6
14. O-O O-O 15. Rad1 Bg5 16. Nf3 c5 17. Rd3 Rf4 18. Re1 Qe7 19. g3 Rf7 20.
h4 Bh6 21. Ne5 Rf6 22. f4 Bxf4 23. gxf4 Rxf4 24. Rg3 Qxh4 25. Rg2 Qxe1+ 26.
Kh2 Rh4# { White checkmated } 0-1

[Event "ICC tourney 2296 (30 10)"]
[Site "Internet Chess Club"]
[Date "2021.01.10"]
[Round "5"]
[White "collywog"]
[Black "niftyfountain"]
[Result "0-1"]
[ICCResult "White checkmated"]
[WhiteElo "1107"]
[BlackElo "1357"]
[Opening "Sicilian"]
[ECO "B50"]
[NIC "SI.01"]
[Time "18:58:47"]
[PlyCount "134"]
[TimeControl "1800+10"]

1. e4 c5 2. Nf3 d6 3. Nc3 Nc6 4. Bb5 Nf6 5. d4 cxd4 6. Nxd4 Bd7 7. Qf3 Nxd4
8. Bxd7+ Qxd7 9. Qd3 Nc6 10. O-O g6 11. Bg5 Bg7 12. Rad1 Rd8 13. Rd2 Ne5
14. Qd4 b6 15. Rfd1 Qg4 16. Qe3 Nc4 17. Qg3 Qxg3 18. hxg3 Nxd2 19. Rxd2 O-O
20. Rd1 h6 21. Be3 Nd7 22. Nd5 e6 23. Ne7+ Kh7 24. Rxd6 Nb8 25. Rxd8 Rxd8
26. Bf4 Bf6 27. Nd5 exd5 28. exd5 Bxb2 29. Kf1 Nd7 30. Bc7 Rc8 31. d6 Be5
32. Ke2 Bf6 33. Kd3 Bd8 34. Kd4 Bxc7 35. dxc7 Rxc7 36. Kd5 Rxc2 37. f4 Rxg2
38. a4 Rxg3 39. Kc6 h5 40. Kxd7 h4 41. Kc7 Ra3 42. Kd6 Rxa4 43. Ke5 b5 44.
Kd5 b4 45. Kc5 b3 46. Kb5 Ra1 47. Kc4 b2 48. Kd4 b1=R 49. Ke5 Rb4 50. Kf6
Rxf4+ 51. Ke7 Re1+ 52. Kf8 f5 53. Kf7 Rc4 54. Kf6 Rd1 55. Kg5 Rg1+ 56. Kf6
Rc6+ 57. Ke5 f4 58. Kxf4 Rf6+ 59. Ke5 Rf2 60. Ke4 Re1+ 61. Kd3 Rf8 62. Kd2
Re7 63. Kd3 Rd8+ 64. Kc4 Rc7+ 65. Kb5 Rb8+ 66. Ka6 Rc1 67. Ka5 Ra1# { White
checkmated } 0-1

[Event "ICC tourney 2296 (30 10)"]
[Site "Internet Chess Club"]
[Date "2021.01.10"]
[Round "5"]
[White "tavit2"]
[Black "BrianTN"]
[Result "0-1"]
[ICCResult "White checkmated"]
[WhiteElo "1016"]
[BlackElo "1074"]
[Opening "Sicilian defense"]
[ECO "B30"]
[NIC "SI.31"]
[Time "18:51:06"]
[PlyCount "150"]
[TimeControl "1800+10"]

1. e4 c5 2. Nf3 Nc6 3. Nc3 e5 4. Bc4 f6 5. O-O Nge7 6. d3 d6 7. Be3 Nd4 8.
Bb5+ Nxb5 9. Nxb5 a6 10. Nc3 Bg4 11. h3 Bxf3 12. Qxf3 Ng6 13. Nd5 Be7 14.
c3 O-O 15. d4 cxd4 16. cxd4 f5 17. exf5 Nh4 18. Nxe7+ Qxe7 19. Qd5+ Kh8 20.
dxe5 Rxf5 21. exd6 Rxd5 22. dxe7 Re8 23. Rad1 Re5 24. Rd8 Rxe7 25. Rxe8+
Rxe8 26. Rd1 h6 27. g3 Nf5 28. Bf4 g5 29. Bc1 b5 30. Kg2 Ng7 31. Rd6 a5 32.
Rxh6+ Kg8 33. Bxg5 Nf5 34. Rf6 Nd4 35. Be3 Nc2 36. Bb6 a4 37. Rf5 Ne1+ 38.
Kf1 Nd3 39. Rxb5 Re1+ 40. Kg2 Rb1 41. Bd4 a3 42. Rb3 axb2 43. Rxd3 Rg1+ 44.
Kf3 b1=Q 45. Rb3 Qf5+ 46. Ke3 Re1+ 47. Kd2 Qe4 48. Rb8+ Kf7 49. Be3 Rb1 50.
Rd8 Rb2+ 51. Kc3 Qb4+ 52. Kd3 Qa3+ 53. Ke4 Qe7+ 54. Kf4 Qxd8 55. Bc1 Rxf2+
56. Ke3 Qb6+ 57. Ke4 Re2+ 58. Kf4 Rf2+ 59. Kg4 Qg6+ 60. Kh4 Rf5 61. g4 Rf6
62. g5 Qh7+ 63. Kg3 Rc6 64. g6+ Qxg6+ 65. Kf3 Rxc1 66. Ke3 Qe6+ 67. Kd3
Rd1+ 68. Kc3 Qc6+ 69. Kb2 Rd2+ 70. Kb3 Qc2+ 71. Kb4 Qxa2 72. Kc5 Qc2+ 73.
Kb4 Rd8 74. Kb5 Rb8+ 75. Ka6 Qa2# { White checkmated } 0-1

[Event "ICC tourney 2296 (30 10)"]
[Site "Internet Chess Club"]
[Date "2021.01.10"]
[Round "5"]
[White "OliverHsiao"]
[Black "alexbelaya"]
[Result "1/2-1/2"]
[ICCResult "Game drawn by repetition"]
[WhiteElo "1241"]
[BlackElo "1129"]
[Opening "Giuoco Pianissimo"]
[ECO "C55"]
[NIC "IG.01"]
[Time "18:52:34"]
[PlyCount "89"]
[TimeControl "1800+10"]

1. e4 e5 2. Nf3 Nc6 3. Bc4 Nf6 4. d3 Bc5 5. Bg5 h6 6. Bh4 g5 7. Bg3 d6 8.
Nc3 Qe7 9. Nd5 Nxd5 10. Bxd5 Be6 11. Bxc6+ bxc6 12. a3 f6 13. d4 exd4 14.
Nxd4 Bd7 15. O-O Bb6 16. Nf5 Qh7 17. Re1 O-O-O 18. Qd3 c5 19. Qa6+ Kb8 20.
Nxd6 cxd6 21. Bxd6+ Ka8 22. b4 cxb4 23. axb4 Bc6 24. Qxb6 Rxd6 25. Ra6 Qb7
26. Qa5 Rhd8 27. f3 Bb5 28. Rxd6 Rxd6 29. Qa3 Qb6+ 30. Kh1 Qd4 31. Qb3 Bc4
32. Qa3 Qd1 33. Rg1 Qxc2 34. b5 Qd3 35. Qc5 Rd8 36. Qc6+ Kb8 37. b6 axb6
38. Qxb6+ Kc8 39. Qc6+ Kb8 40. Qb6+ Kc8 41. Qc6+ Kb8 42. Qb6+ Kc8 43. Qc6+
Kb8 44. Qb6+ Kc8 45. Qc6+ { Game drawn by repetition } 1/2-1/2

[Event "ICC tourney 2296 (30 10)"]
[Site "Internet Chess Club"]
[Date "2021.01.10"]
[Round "5"]
[White "andrewj508"]
[Black "oxdidi"]
[Result "1-0"]
[ICCResult "Black resigns"]
[WhiteElo "1256"]
[BlackElo "959"]
[Opening "Queen's pawn: London system"]
[ECO "A45"]
[NIC "QP.07"]
[Time "19:09:11"]
[PlyCount "61"]
[TimeControl "1800+10"]

1. d4 Nf6 2. Bf4 g6 3. e3 Bg7 4. Nf3 d6 5. c3 O-O 6. Nbd2 Nbd7 7. Bd3 b6 8.
O-O Bb7 9. Bg3 Re8 10. Re1 c5 11. Qc2 Rc8 12. Bc4 cxd4 13. exd4 d5 14. Bd3
e6 15. Nf1 Qe7 16. Ne3 Nh5 17. Ng4 Nxg3 18. hxg3 h5 19. Nge5 Nxe5 20. Nxe5
Bxe5 21. Rxe5 Qd6 22. Bxg6 Qe7 23. Bxh5 Qf6 24. f4 Qh6 25. g4 Qxf4 26. Rf1
Qh6 27. Bxf7+ Kh8 28. Rh5 Qxh5 29. gxh5 Rf8 30. Qg6 Rxf7 31. Rxf7 { Black
resigns } 1-0

[Event "ICC tourney 2296 (30 10)"]
[Site "Internet Chess Club"]
[Date "2021.01.10"]
[Round "5"]
[White "DanielHan"]
[Black "Yeetamus123"]
[Result "0-1"]
[ICCResult "White checkmated"]
[WhiteElo "464"]
[BlackElo "1324"]
[Opening "Sicilian: accelerated fianchetto, exchange variation"]
[ECO "B34"]
[NIC "SI.33"]
[Time "19:23:04"]
[PlyCount "98"]
[TimeControl "1800+10"]

1. e4 c5 2. Nf3 Nc6 3. d4 cxd4 4. Nxd4 g6 5. Nxc6 bxc6 6. Nc3 Bg7 7. Bd3 d6
8. O-O Nf6 9. Bg5 O-O 10. Re1 Bg4 11. f3 Qb6+ 12. Be3 Qxb2 13. fxg4 Qxc3
14. g5 Nd7 15. Bd2 Qxa1 16. Qxa1 Bxa1 17. Rxa1 Nc5 18. Be2 Nxe4 19. Be3
Rfb8 20. Bf3 d5 21. Bf4 Rb2 22. Bxe4 dxe4 23. c4 Rd8 24. Bc7 Rdd2 25. g3
Rxh2 26. g4 Rhg2+ 27. Kh1 Rxa2 28. Rxa2 Rxa2 29. Kg1 a5 30. Kf1 a4 31. Ke1
a3 32. Be5 Rc2 33. Kd1 Rxc4 34. Kd2 a2 35. Kd1 Ra4 36. Ba1 Rb4 37. Kc1 Rb1+
38. Kc2 Rxa1 39. Kb2 Rg1 40. Kxa2 e3 41. Ka3 e2 42. Ka4 e1=Q 43. Kb3 Rg3+
44. Kc4 Qe4+ 45. Kc5 Rc3+ 46. Kb6 Qb4+ 47. Kc7 Qd6+ 48. Kb7 Rb3+ 49. Kc8
Rb8# { White checkmated } 0-1